 Dungeon Crawl Stone Soup version 0.17-a0-547-g5e20af8 (webtiles) character file.

138 sugabear the Ducker (level 5, 0/26 HPs)
             Began as a Vine Stalker Gladiator on Apr 14, 2015.
             Slain by a hound (1 damage)
             ... on level 4 of the Dungeon.
             The game lasted 00:03:57 (2443 turns).

sugabear the Ducker (Vine Stalker Gladiator)        Turns: 2443, Time: 00:03:57

Health: 0/26       AC:  7    Str: 18    XL:     5   Next: 21%
Magic:  0/6        EV: 13    Int:  8    God:
Gold:   318        SH:  0    Dex: 15    Spells: 0 memorised, 4 levels left

rFire  . . .     SeeInvis .     a - +0 rapier
rCold  . . .     Clarity  .     b - +0 leather armour
rNeg   . . .     SustAb   .     (no shield)
rPois  .         Gourm    .     e - +2 hat
rElec  .         Spirit   +     g - +0 cloak
rCorr  .         Warding  .     (no gloves)
rMut   .         Stasis   .     (no boots)
MR     .....                    (no amulet)
Stlth  ++........               (no ring)
                                (no ring)

@: not resistant to hostile enchantments, unstealthy
A: fangs 2, regeneration 1, shaggy fur 1, magic shield, antimagic bite, no
device heal 3, rot immunity
a: no special abilities


You were on level 4 of the Dungeon.
You were not hungry.

You visited 1 branch of the dungeon, and saw 4 of its levels.

You collected 318 gold pieces.

Inventory:

Hand weapons
 a - a +0 rapier (weapon)
 w - a +3 dagger
Missiles
 d - 4 throwing nets (quivered)
Armour
 b - a +0 leather armour (worn)
 e - a +2 hat (worn)
 g - a +0 cloak (worn)
Jewellery
 m - a cursed ring of teleportation {unknown}
Scrolls
 h - a scroll of fear {unknown}
 i - 6 scrolls of identify {unknown}
 j - a scroll of enchant armour {unknown}
 k - 4 scrolls of remove curse {unknown}
 n - a scroll of enchant weapon {unknown}
 q - a scroll of teleportation {unknown}
 t - a scroll of random uselessness {unknown}
Potions
 l - a potion of cancellation {unknown}
 o - 2 potions of brilliance {unknown}
 p - a potion of invisibility {unknown}
 s - a potion of berserk rage {unknown}
 u - a potion of poison {unknown}
Comestibles
 c - a slice of pizza
 f - 4 bread rations
 r - 3 fruits
 v - 2 chunks of flesh


   Skills:
 + Level 2.2 Fighting
 + Level 3.1 Short Blades
 + Level 1.8 Throwing
 + Level 1.4 Armour
 + Level 3.3 Dodging
 * Level 2.6 Stealth


You had 4 spell levels left.
You didn't know any spells.

Dungeon Overview and Level Annotations

Branches:
Dungeon (4/15)
 Temple: D:4-7

Altars:
Ashenzari
The Shining One


Innate Abilities, Weirdness & Mutations

You have extremely sharp teeth.
Your natural rate of healing is unusually fast.
You are covered in fur (AC +1).
When hurt, damage is shared between your health and your magic reserves.
Your bite disrupts and absorbs the magic of your enemies.
Potions and wands cannot restore your health.
You are immune to rotting.


Message History

The hound is heavily wounded.
The hound bites you.
* * * LOW HITPOINT WARNING * * *
You barely miss the hound. Your bite misses the hound.
The hound is heavily wounded.
The hound bites you.
* * * LOW HITPOINT WARNING * * *
The hound barely misses you.
You barely miss the hound. You bite the hound. You drain its power.
You feel invigorated.
The hound is severely wounded.
The hound bites you but does no damage. The hound closely misses you.
Unknown command.
You see here a stone.
The hound closely misses you.
You see here a stone.
The goblin shoots a stone.
The stone hits you.
* * * LOW HITPOINT WARNING * * *
The hound bites you.
You die...

.# #>####.#
.##########
####'####.#
...........
#≈≈≈g≈≈≈#.#
..#########
#≈.≈≈≈≈.#.# .##
#≈.≈.(..#.# .#
#.......#.# .#
#.......#.# .#
###(......#.# .#
########.((h@...())#
..
.....(...###########
### ##########


You could see a hound and a goblin.

Vanquished Creatures
  3 adders
  2 worms (D:2)
  3 giant geckos (D:1)
  2 oozes (D:3)
  5 orcs
  13 bats
  3 giant cockroaches
  15 goblins
  11 hobgoblins
  5 jackals (D:3)
  A ball python (D:3)
  7 giant newts
  4 kobolds
  12 rats
86 creatures vanquished.

Notes
Turn   | Place    | Note
--------------------------------------------------------------
     0 | D:1      | sugabear, the Vine Stalker Gladiator, began the quest for the Orb.
     0 | D:1      | Reached XP level 1. HP: 11/11 MP: 2/2
    18 | D:1      | Found a glowing golden altar of the Shining One.
   174 | D:1      | Reached skill level 1 in Stealth
   225 | D:1      | Reached XP level 2. HP: 15/15 MP: 3/3
   544 | D:1      | Reached skill level 3 in Short Blades
   544 | D:1      | Reached XP level 3. HP: 18/18 MP: 4/4
  1002 | D:2      | Reached XP level 4. HP: 8/23 MP: 3/5
  1007 | D:2      | Reached skill level 1 in Armour
  1643 | D:3      | Found a shattered altar of Ashenzari.
  1741 | D:3      | HP: 1/23 [orc/whip (1)]
  2033 | D:3      | Reached XP level 5. HP: 26/26 MP: 4/6
  2443 | D:4      | HP: 1/26 [goblin/stone (2)]
  2443 | D:4      | Slain by a hound

Action                   |  1- 3 |  4- 6 || total
-------------------------+-------+-------++-------
Melee: Rapier            |   115 |   158 ||   273
 Stab: Distracted        |     1 |       ||     1
       Sleeping          |     1 |     3 ||     4
  Eat: Chunk             |       |     5 ||     5
